 Dungeon Sprint DCSS version 0.31.0 (webtiles) character file.

Game seed: 9949219776330747853

1183 Turgor the Cleaver (level 8, -56/118 HPs)
             Began as a Minotaur Monk on Jan 19, 2024.
             Was a Believer of Ru.
             Killed from afar by Afif the pandemonium lord (67 damage)
             ... with a crystal spear
             ... in the Dungeon (Sprint V: "Ziggurat Sprint").
             The game lasted 00:08:58 (323 turns).

Turgor the Cleaver (Minotaur Monk)                   Turns: 323, Time: 00:09:01

Health: -56/118    AC: 19    Str: 25    XL:     8   Next: 19%
Magic:  0/7        EV: 14    Int:  7    God:    Ru [**....]
Gold:   0          SH:  9    Dex: 15    Spells: 7/7 levels left

rFire   . . .        s - +5 broad axe
rCold   x . .        r - +3 buckler
rNeg    . . .        q - +5 storm dragon scales
rPois   .            (helmet restricted)
rElec   +            (no cloak)
rCorr   .            (no gloves)
SInv    .            (no boots)
Will    .....        I - amulet of guardian spirit Stlth
                     A - +6 ring of strength
HPRegen 0.39/turn    M - ring "Moluud" {EV+5 Dex+3 Slay+5}
MPRegen 0.10/turn

%: no teleportation, guardian spirit
@: berserking, invisible, very quick
A: horns 2, inability to read after injury 2, no fire magic, no alchemy magic,
no translocations magic, retaliatory headbutt, cold vulnerability 1
a: Renounce Religion


You were in the Dungeon.
You worshipped Ru.
Ru was pleased with you.
You visited 1 branch

Inventory:

Hand Weapons
 s - a +5 broad axe (weapon)
 C - the +10 dark maul {heavy}
   (You found it in the Dungeon)
 D - the +27 heavy crossbow "Sniper" {heavy, Acc+∞ SInv}
   (You found it in the Dungeon)

   Acc+∞: It never misses its target.
   SInv:      It lets you see invisible.
 E - the +16 obsidian axe {drain, demonic, Mesm ^Drain Fly SInv}
   (You found it in the Dungeon)

   Mesm:      Its wielder is mesmerised by any visible foes, and it cannot be
   unequipped while any foes are visible.
   SInv:      It lets you see invisible.
   Fly:       It grants you flight.
   ^Drain:    It drains your maximum health when unequipped.
 H - the +8 lance "Wyrmbane" {slay drac, rPois rF+ rC+ AC+3}
   (You found it in the Dungeon)

   AC+3:      It affects your AC (+3).
   rF+:       It protects you from fire.
   rC+:       It protects you from cold.
   rPois:     It protects you from poison
Armour
 q - +5 storm dragon scales (worn)
 r - a +3 buckler (worn)
 F - the +15 Maxwell's patent armour {-Cast -Tele rElec Will+ rCorr}
   (You found it in the Dungeon)

   rElec:     It insulates you from electricity.
   Will+:     It increases your willpower.
   -Cast:     It prevents spellcasting.
   -Tele:     It prevents most forms of teleportation.
   rCorr:     It protects you from acid and corrosion.
 G - the +18 shield of the Gong {Loud rN+ Will+ rCorr EV-5}
   (You found it in the Dungeon)

   Loud:      It is deafeningly noisy when blocking attacks.
   EV-5:      It affects your evasion (-5).
   rN+:       It protects you from negative energy.
   Will+:     It increases your willpower.
   rCorr:     It protects you from acid and corrosion.
Magical Staves
 J - the staff of Nisuddao {rF+ Necro Fire}
   (You found it in the Dungeon)

   [staff of fire]

   Your inability to study Fire Magic prevents you from drawing on the full
   power of this staff in melee.
   Base accuracy: +5 Base damage: 5 Base attack delay: 1.2 This weapon's minimum
   attack delay (0.6) is reached at skill level 12.
   rF+:       It protects you from fire.
   Necro:     It increases the power of your Necromancy spells.
   Fire:      It increases the power of your Fire spells.
   It falls into the 'Staves' category.
   It is a one-handed weapon.
 K - the staff of Midsummer {rPois rN+ Necro}
   (You found it in the Dungeon)

   [staff of death]

   Base accuracy: +5 Base damage: 5 Base attack delay: 1.2 This weapon's minimum
   attack delay (0.6) is reached at skill level 12.
   rPois:     It protects you from poison rN+: It protects you from negative
   energy.
   Necro:     It increases the power of your Necromancy spells.
   It falls into the 'Staves' category.
   It is a one-handed weapon.
Jewellery
 v - a ring of protection from fire
 x - a ring of see invisible
 A - a +6 ring of strength (left hand)
 B - a +6 ring of strength
 I - an amulet of guardian spirit (around neck)
 L - a ring of resist corrosion
 M - the ring "Moluud" (right hand) {EV+5 Dex+3 Slay+5}
   (You found it in the Dungeon)

   [ring of evasion]

   EV+5:      It affects your evasion (+5).
   Dex+3:     It affects your dexterity (+3).
   Slay+5:    It affects your accuracy & damage with ranged weapons and melee
   (+5).
Wands
 t - a wand of mindburst (17)
 u - a wand of light (7)
 N - a wand of paralysis (7)
Scrolls
 j - 4 scrolls of blinking
 m - 4 scrolls of amnesia
 n - 7 scrolls of fog
 o - 5 scrolls of identify
 p - 2 scrolls of fear
Potions
 a - 2 potions of brilliance
 b - a potion of invisibility
 c - a potion of ambrosia
 d - 4 potions of resistance
 e - 10 potions of curing
 f - 10 potions of heal wounds
 g - 6 potions of haste
 h - 7 potions of magic
 i - a potion of berserk rage
 k - a potion of experience
 l - 5 potions of might


   Skills:
 + Level 9.9 Fighting
 * Level 13.3 Axes
 + Level 9.0 Armour
 - Level 3.2 Dodging
 + Level 8.8 Shields
 + Level 5.7 Evocations


You had 7 spell levels left.
You didn't know any spells.
Your spell library contained the following spells:

 Spells                   Type           Power      Damage    Failure   Level
 Ozocubu's Armour         Ice            0%         N/A       100%        3
 Metabolic Englaciation   Hex/Ice        0%         N/A       100%        5
 Orb of Destruction       Conj           0%         9d5       100%        7
 Spellforged Servitor     Conj/Summ      0%         N/A       100%        7
 Summon Hydra             Summ           0%         N/A       100%        7
 Summon Blazeheart Golem  Fire/Summ      Unusable   N/A       N/A         4
 Summon Forest            Summ/Tloc      Unusable   N/A       N/A         5
 Eringya's Noxious Bog    Alch           Unusable   4d6       N/A         6
 Sculpt Simulacrum        Ice/Alch       Unusable   N/A       N/A         6

Dungeon Overview and Level Annotations

Branches:
Dungeon (1/1)

Altars:
Ashenzari
Cheibriados
Dithmenos
Elyvilon
Fedhas
Gozag
Hepliaklqana
Kikubaaqudgha
Makhleb
Nemelex Xobeh
Okawaru
Qazlal
Ru
Sif Muna
Trog
Uskayaw
Vehumet
Wu Jian
Xom
Yredelemnul
Zin
The Shining One
Jiyva
Lugonu


Innate Abilities, Weirdness & Mutations

You have a pair of horns on your head.
You sometimes lose the ability to read scrolls when taking damage.
You cannot study or cast Fire magic.
You cannot study or cast Alchemy magic.
You cannot study or cast Translocations magic.
You reflexively headbutt those who attack you in melee.
You are vulnerable to cold. (rC-)


Message History

Unknown command.
You slash Afif! You headbutt Afif!!
Afif is moderately wounded.
Afif kicks you!
* * * LOW HITPOINT WARNING * * *
The shadow imp gestures at you.
Afif is unaffected.
Unknown command.
You slice Afif!! You headbutt Afif.
Afif is moderately wounded.
Afif kicks you!
* * * LOW HITPOINT WARNING * * *
Unknown command.
You are too berserk!
You slash Afif!
Afif is moderately wounded.
Afif kicks you but does no damage.
You hit Afif but do no damage. You headbutt Afif!
Afif is heavily wounded.
Afif gestures at you. You block the crystal spear.
You completely miss Afif.
Afif is heavily wounded.
You slash the shadow imp!
You kill the shadow imp!
Afif kicks you.
* * * LOW HITPOINT WARNING * * *
You slash Afif! Your headbutt misses Afif.
Afif is heavily wounded.
You block Afif's attack.
You slash Afif! You headbutt Afif.
Afif is heavily wounded.
You block Afif's attack. The orange demon barely misses you.
You slash Afif!
Afif is severely wounded.
Afif sneers, "Taste defeat, thou feeble hasty-witted whey-face!"
Afif gestures at you. The crystal spear hits you!!!
Ouch! That really hurt!
You die...

▓..)=[..▓
▓..|/=..▓
▓.......▓
▓.......▓
▓.......▓
...4...
▓.▓.&.▓.▓
▓...@...▓
▓▓▓▓▓▓▓▓▓


You could see Afif and an orange demon (unable to see you).

Vanquished Creatures
  A tarantella (D)
  A jumping spider (D)
  A slime creature (D)
  A neqoxec (D)
  A chaos spawn (D)
  3 scorpions (D)
  A quasit (D)
  4 jellies (D)
  4 mummies (D)
  3 river rats (D)
  A shadow imp (D)
  An adder zombie (D)
  2 orcs (D)
  2 bat skeletons (D)
  An endoplasm (D)
  A ball python zombie (D)
28 creatures vanquished.

Notes
Turn   | Place    | Note
-------+----------+-------------------------------------------
     0 | D        | Turgor the Minotaur Monk began the quest for the Orb.
     0 | D        | Reached XP level 1. HP: 19/19 MP: 0/0
    13 | D        | Found a shimmering blue altar of Sif Muna.
    13 | D        | Found a sacrificial altar of Ru.
    13 | D        | Found a bloodstained altar of Trog.
    13 | D        | Found a stormy altar of Qazlal.
    13 | D        | Found an iron altar of Okawaru.
    13 | D        | Found a sparkling altar of Nemelex Xobeh.
    13 | D        | Found a blossoming altar of Fedhas.
    13 | D        | Found the +6 Majin-Bo {spellvamp, MP+6 Int+6}
    13 | D        | Found the +27 heavy crossbow "Sniper" {heavy, Acc+∞ SInv}
    13 | D        | Found the +10 dark maul {heavy}
    13 | D        | Found the +15 Maxwell's patent armour {-Cast -Tele rElec
                  | Will+ rCorr}
    13 | D        | Found the +18 shield of the Gong {Loud rN+ Will+ rCorr
                  | EV-5}
    13 | D        | Found the +16 obsidian axe {drain, demonic, Mesm ^Drain Fly
                  | SInv}
    13 | D        | Found the +7 great mace "Firestarter" {flame, immolate,
                  | rFlCloud rF++}
    13 | D        | Found the +6 shillelagh "Devastator" {shatter}
    13 | D        | Found the +11 plutonium sword {^Contam Stlth-}
    13 | D        | Found the +8 lance "Wyrmbane" {slay drac, rPois rF+ rC+
                  | AC+3}
    13 | D        | Found the +9 sword of Zonguldrok {reap}
    13 | D        | Found the +13 scythe of Curses {drain, curses, ^Drain}
    13 | D        | Found the +9 sword of Power {lifebolt}
    13 | D        | Found the +7 mace of Variability {chaos, chaos arc}
    13 | D        | Found the +11 Singing Sword {sonic wave}
    13 | D        | Found the +8 storm bow {elec, penet}
    15 | D        | Found a transporter.
    15 | D        | Found an ancient bone altar of Kikubaaqudgha.
    15 | D        | Found a viscous altar of Jiyva.
    15 | D        | Found a corrupted altar of Lugonu.
    15 | D        | Found a hazy altar of Hepliaklqana.
    15 | D        | Found a burning altar of Makhleb.
    15 | D        | Found an opulent altar of Gozag.
    61 | D        | Became a worshipper of Ru the Awakened
    64 | D        | Gained mutation: You cannot study or cast Fire magic. [Ru
                  | sacrifice]
    64 | D        | Gained mutation: You cannot study or cast Alchemy magic.
                  | [Ru sacrifice]
    64 | D        | Gained mutation: You cannot study or cast Translocations
                  | magic. [Ru sacrifice]
    64 | D        | Reached * piety under Ru
    70 | D        | Entered arena 2.
    70 | D        | Found a transporter.
    73 | D        | Reached skill level 4 in Axes
    73 | D        | Reached skill level 1 in Armour
    73 | D        | Reached skill level 1 in Shields
    86 | D        | Entered arena 3.
    86 | D        | Found a transporter.
    90 | D        | Reached skill level 5 in Axes
    90 | D        | Reached XP level 2. HP: 28/28 MP: 1/1
    91 | D        | Reached XP level 3. HP: 35/35 MP: 2/2
   102 | D        | Got the staff of Nisuddao {rF+ Necro Fire}
   105 | D        | Entered arena 4.
   105 | D        | Found a transporter.
   107 | D        | Reached skill level 6 in Axes
   109 | D        | Reached skill level 5 in Fighting
   119 | D        | Got the staff of Midsummer {rPois rN+ Necro}
   129 | D        | Entered arena 5.
   129 | D        | Found a transporter.
   138 | D        | Reached skill level 7 in Axes
   138 | D        | Reached XP level 4. HP: 36/44 MP: 1/3
   142 | D        | Got the ring "Moluud" {EV+5 Dex+3 Slay+5}
   152 | D        | Entered arena 6.
   152 | D        | Noticed a scorpion
   152 | D        | Noticed a scorpion
   152 | D        | Noticed a tarantella
   152 | D        | Noticed a jumping spider
   152 | D        | Noticed a scorpion
   152 | D        | Found a transporter.
   155 | D        | Killed a scorpion
   156 | D        | Reached skill level 8 in Axes
   156 | D        | Reached skill level 5 in Armour
   156 | D        | Reached skill level 5 in Shields
   156 | D        | Reached skill level 1 in Evocations
   156 | D        | Reached XP level 5. HP: 51/51 MP: 2/4
   158 | D        | Reached skill level 9 in Axes
   158 | D        | Killed a jumping spider
   159 | D        | Reached skill level 10 in Axes
   159 | D        | Reached XP level 6. HP: 61/61 MP: 2/5
   159 | D        | Killed a tarantella
   160 | D        | Reached skill level 11 in Axes
   160 | D        | Reached XP level 7. HP: 69/69 MP: 2/6
   166 | D        | Gained mutation: You occasionally lose the ability to read
                  | scrolls when taking damage. [Ru sacrifice]
   166 | D        | Gained mutation: You sometimes lose the ability to read
                  | scrolls when taking damage. [Ru sacrifice]
   166 | D        | Reached ** piety under Ru
   191 | D        | Entered arena 7.
   191 | D        | Noticed a slime creature
   200 | D        | Reached skill level 12 in Axes
   200 | D        | Killed a slime creature
   201 | D        | Reached skill level 5 in Evocations
   205 | D        | Found a transporter.
   306 | D        | Entered arena 8.
   306 | D        | Noticed a chaos spawn
   306 | D        | Noticed an orange demon
   306 | D        | Noticed a neqoxec
   306 | D        | Noticed Afif the pandemonium lord
   306 | D        | Gained mutation: You are vulnerable to cold. (rC-) [a
                  | neqoxec]
   314 | D        | Killed a chaos spawn
   315 | D        | Reached skill level 13 in Axes
   315 | D        | Reached XP level 8. HP: 79/79 MP: 5/7
   323 | D        | Killed from afar by Afif the pandemonium lord

Illustrated notes

Levels and vault maps discovered:
D:        sprint_v [room_start, room_1, room_2, room_3, room_4, room_5, room_6,
          room_7, room_8, room_9, room_10, room_11, room_12, room_13, room_14,
          room_15, room_16, room_17, room_18, room_19, room_20, room_21,
          room_22, room_23, room_24, room_25, room_26, room_27]

Skill      XL: |  1  2  3  4  5  6  7  8 |
---------------+-------------------------+-----
Axes           | 5 7 8 10 11 13 | 13.3
Armour         | 2 3 4 5 6 7 8 9 |  9.0
Shields        | 2 3 4 5 6 7 8 |  8.8
Fighting       | 4 5 6 8 9 |  9.9
Evocations     | 1 3 4 5 |  5.7
Dodging        | |  3.2

Action                     |  1- 3 |  4- 6 |  7- 9 || total
---------------------------+-------+-------+-------++-------
  Melee: Broad axe         |    18 |     5 |    20 ||    43
         Headbutt          |     3 |     1 |     5 ||     9
 Invoke: Sacrifice Arcana  |     1 |       |       ||     1
         Sacrifice Words   |       |       |     1 ||     1
    Use: Potion            |       |     1 |     2 ||     3
   Stab: Invisible         |       |       |     3 ||     3
 Armour: Storm dragon scal |     9 |     3 |    14 ||    26
  Dodge: Dodged            |     5 |     6 |     8 ||    19
  Block: Buckler           |     6 |     8 |    11 ||    25
